[Event "Titled Tuesday Blitz March 15 Late 2022"]
[White "Mohammadian, Mohammad"]
[Black "Baches Garcia, Guillermo"]
[WhiteFideId "12566055"]
[BlackFideId "2209764"]
[WhiteElo "1544"]
[BlackElo "2445"]
[Result "0-1"]
[Round "02"]
[TimeControl "180+1"]
[Date "2022.03.16"]
[WhiteClock "0:00:21"]
[BlackClock "0:00:26"]

1. e4 c5 2. Nf3 d6 3. d4 cxd4 4. Nxd4 Nf6 5. Nc3 Nc6 6. Be2 e5 7. Nb3 Be7 8. Be3 Be6 9. O-O O-O 10. f4 a5 11. a4 Nb4 12. f5 Bd7 13. Qd2 Bc6 14. Bd3 d5 15. exd5 Nfxd5 16. Nxd5 Qxd5 17. Rf2 Rad8 18. Rd1 Nxd3 19. Qxd3 Qxd3 20. cxd3 Bxa4 21. Nc5 Bxd1 22. Rd2 Bg4 23. Nxb7 Rb8 24. Nxa5 Bxf5 25. Nc6 Rb7 26. Nxe5 Bf6 27. Nc4 Rd8 28. d4 Rb4 29. Ne5 Bxe5 30. dxe5 Rxd2 31. Bxd2 Rxb2 32. Bc3 Rc2 33. Bd4 h5 34. Kf1 Be4 35. g3 Kh7 36. h4 Kg6 37. Be3 Kf5 38. Bf4 Kg4 39. Ke1 Kf3 40. Kd1 Rg2 41. Ke1 Bc2 42. Kf1 Re2 43. Kg1 Bf5 44. Kf1 f6 45. exf6 gxf6 46. Kg1 Rg2+ 47. Kf1 Rxg3 48. Bxg3 Kxg3 49. Kg1 Bh3 50. Kh1 f5 51. Kg1 f4 52. Kh1 f3 53. Kg1 f2+ 54. Kh1 Bg2# 0-1


[Site "https://www.chess.com"]

[Event "Titled Tuesday Blitz March 15 Late 2022"]
[White "Moroni, Luca Jr"]
[Black "Golubev, Mikhail"]
[WhiteFideId "865834"]
[BlackFideId "14100983"]
[WhiteElo "2573"]
[BlackElo "2374"]
[Result "1/2-1/2"]
[Round "02"]
[TimeControl "180+1"]
[Date "2022.03.15"]
[WhiteClock "0:00:11"]
[BlackClock "0:00:04"]

1. d4 Nf6 2. Bf4 d6 3. Nc3 Nbd7 4. Nf3 c5 5. e3 cxd4 6. exd4 g6 7. Qd2 Nb6 8. O-O-O Bg7 9. h4 h5 10. Bd3 O-O 11. Rde1 Bg4 12. Ng5 Rc8 13. f3 Bd7 14. g4 Nbd5 15. Nxd5 Nxd5 16. gxh5 Nxf4 17. Qxf4 Qb6 18. Rxe7 Bxd4 19. b3 Be5 20. Rxe5 dxe5 21. Qxe5 Rfe8 22. Qf4 Qe3+ 23. Qxe3 Rxe3 24. hxg6 Rxd3 25. gxf7+ Kf8 26. h5 Rd5 27. f4 Bf5 28. c4 b5 29. h6 bxc4 30. h7 cxb3+ 31. Kb2 Rc2+ 32. Kxb3 Rd3+ 33. Kb4 Rb2+ 34. Kc5 Rc2+ 35. Kb5 Rb2+ 36. Kc6 Rc2+ 37. Kb7 Rb2+ 38. Ka8 Rd8+ 39. Kxa7 Rxa2+ 40. Kb6 Rb2+ 41. Kc5 Rc2+ 42. Kb4 Rb8+ 43. Ka3 Ra8+ 44. Kb3 Rb8+ 45. Ka3 Ra8+ 46. Kb3 Rb8+ 47. Ka3 1/2-1/2


[Site "https://www.chess.com"]

[Event "Titled Tuesday Blitz March 15 Late 2022"]
[White "Morris-Suzuki, Sophie"]
[Black "Magallanes, Rey Jomar"]
[WhiteFideId "30922615"]
[BlackFideId "5205948"]
[WhiteElo "2499"]
[BlackElo "2220"]
[Result "0-1"]
[Round "02"]
[TimeControl "180+1"]
[Date "2022.03.16"]
[WhiteClock "0:00:01"]
[BlackClock "0:00:17"]

1. d4 d5 2. c4 e6 3. Nc3 Nf6 4. cxd5 exd5 5. Bg5 Be7 6. Qc2 O-O 7. e3 Nc6 8. a3 Be6 9. Bd3 h6 10. Bh4 a6 11. Nge2 Re8 12. O-O Bd6 13. f3 Rc8 14. Kh1 Na5 15. e4 dxe4 16. fxe4 Be7 17. d5 Bg4 18. b4 Nxd5 19. Bxe7 Ne3 20. Bxd8 Nxc2 21. Bxc2 Nc4 22. Bh4 Ne3 23. Rfc1 g5 24. Bf2 Nc4 25. Bb3 Ne5 26. Nd5 Kg7 27. Nd4 Nd3 28. Rf1 c5 29. bxc5 Rxe4 30. Bg1 Be2 0-1


[Site "https://www.chess.com"]

[Event "Titled Tuesday Blitz March 15 Late 2022"]
[White "Moussard, Jules"]
[Black "Cervantes Landeiro, Thalia"]
[WhiteFideId "642908"]
[BlackFideId "3520498"]
[WhiteElo "2557"]
[BlackElo "2021"]
[Result "1-0"]
[Round "02"]
[TimeControl "180+1"]
[Date "2022.03.16"]
[WhiteClock "0:00:56"]
[BlackClock "0:00:02"]

1. e4 e5 2. Nc3 Nc6 3. Bc4 Nf6 4. d3 Bc5 5. Nf3 a5 6. O-O d6 7. h3 Ne7 8. Be3 Ba7 9. Bxa7 Rxa7 10. d4 exd4 11. Qxd4 Ra8 12. e5 Nc6 13. Bb5 dxe5 14. Qxe5+ Qe7 15. Rfe1 Be6 16. Nd4 O-O 17. Bxc6 bxc6 18. Nxe6 fxe6 19. Qxe6+ Qxe6 20. Rxe6 Rab8 21. b3 Nd5 22. Rxc6 Nb4 23. Rxc7 Nxc2 24. Rd1 Rbc8 25. Rdd7 Rxc7 26. Rxc7 Nd4 27. Rc5 Re8 28. Rxa5 Re1+ 29. Kh2 Rc1 30. Ne4 Rc2 31. Ra7 h6 32. b4 Re2 33. Re7 Rxa2 34. Rd7 Nc2 35. b5 Rb2 36. Nd6 Na3 37. Ra7 Nxb5 38. Rb7 Rxf2 39. Rxb5 Rd2 40. Ne4 Re2 41. Re5 Ra2 42. Re7 Kh7 43. Nf6+ Kg6 44. Ne8 Kh5 45. Rxg7 Ra8 46. Nf6+ Kh4 47. Rg4# 1-0


[Site "https://www.chess.com"]

[Event "Titled Tuesday Blitz March 15 Late 2022"]
[White "Narayanan.S.L"]
[Black "Bilych, Olexiy"]
[WhiteFideId "5058422"]
[BlackFideId "14156504"]
[WhiteElo "2494"]
[BlackElo "2176"]
[Result "1-0"]
[Round "02"]
[TimeControl "180+1"]
[Date "2022.03.15"]
[WhiteClock "0:01:38"]
[BlackClock "0:00:12"]

1. c4 e6 2. Nc3 d5 3. d4 Nf6 4. Bg5 Bb4 5. e3 h6 6. Bh4 O-O 7. Ne2 dxc4 8. a3 Be7 9. Bg3 c5 10. dxc5 Qa5 11. Qd4 b5 12. cxb6 axb6 13. Qxc4 Ba6 14. Qb3 Nbd7 15. Nd4 Nc5 16. Qc2 Nce4 17. Nc6 Qc5 18. Nxe7+ Qxe7 19. Nxe4 Nd5 20. Bxa6 Rxa6 21. O-O Rc8 1-0


[Site "https://www.chess.com"]

[Event "Titled Tuesday Blitz March 15 Late 2022"]
[White "Naroditsky, Daniel"]
[Black "Matinian, Nikita"]
[WhiteFideId "2026961"]
[BlackFideId "24129100"]
[WhiteElo "2608"]
[BlackElo "2422"]
[Result "1-0"]
[Round "02"]
[TimeControl "180+1"]
[Date "2022.03.15"]
[WhiteClock "0:01:21"]
[BlackClock "0:00:15"]

1. e4 e5 2. Nf3 Nc6 3. Nc3 Nf6 4. g3 Bc5 5. Bg2 d6 6. d3 h5 7. h3 Nd4 8. Be3 Nxf3+ 9. Qxf3 Be6 10. Bxc5 dxc5 11. Qe3 Qd4 12. Qg5 O-O-O 13. Qxg7 Nd7 14. Qg5 c4 15. O-O Rhg8 16. Qxh5 cxd3 17. cxd3 Rxg3 18. Ne2 Rxg2+ 19. Kxg2 Qxd3 20. Ng3 Rg8 21. Kh2 Nf6 22. Qxe5 Qf3 23. Rac1 c6 24. Rc3 Ng4+ 25. hxg4 Qxg4 26. Rh1 Rd8 27. Kg2 1-0


[Site "https://www.chess.com"]

[Event "Titled Tuesday Blitz March 15 Late 2022"]
[White "Obolenskikh, Dmitry"]
[Black "Yeshchenko, Uliana"]
[WhiteFideId "4156013"]
[BlackFideId "14187272"]
[WhiteElo "2512"]
[BlackElo "1881"]
[Result "1-0"]
[Round "02"]
[TimeControl "180+1"]
[Date "2022.03.16"]
[WhiteClock "0:00:18"]
[BlackClock "0:00:10"]

1. e4 c5 2. Nf3 Nc6 3. d4 cxd4 4. Nxd4 Nf6 5. Nc3 e5 6. Ndb5 d6 7. Bg5 a6 8. Na3 b5 9. Nd5 Be7 10. Bxf6 Bxf6 11. c3 O-O 12. Nc2 Bg5 13. a4 bxa4 14. Rxa4 a5 15. Bc4 Bd7 16. Ra2 a4 17. Ncb4 Na5 18. Bd3 Nb3 19. O-O Nc5 20. Bc2 g6 21. Qe2 Qb8 22. Rfa1 Kh8 23. g3 f5 24. exf5 gxf5 25. Qh5 Rg8 26. h4 Be8 27. Qf3 Bxh4 28. Bxf5 Ra7 29. Kg2 Bg6 30. Bxg6 Rxg6 31. Rh1 Bg5 32. Nc6 Qb3 33. Nxa7 Qxa2 34. Qf8+ Rg8 35. Qxd6 Nd3 36. Nf6 Qf7 37. Rxh7+ Qxh7 38. Nxh7 Kxh7 39. Qxd3+ 1-0


[Site "https://www.chess.com"]

[Event "Titled Tuesday Blitz March 15 Late 2022"]
[White "Oparin, Grigoriy"]
[Black "Della Morte, German"]
[WhiteFideId "24125890"]
[BlackFideId "113522"]
[WhiteElo "2665"]
[BlackElo "2363"]
[Result "1-0"]
[Round "02"]
[TimeControl "180+1"]
[Date "2022.03.15"]
[WhiteClock "0:02:08"]
[BlackClock "0:00:37"]

1. Nc3 Nf6 2. e4 e5 3. Bc4 c6 4. d3 d5 5. Bb3 Bb4 6. Bd2 O-O 7. Nf3 dxe4 8. Nxe4 Bxd2+ 9. Qxd2 Nxe4 10. dxe4 Qe7 11. O-O-O Be6 12. Qd6 Qxd6 13. Rxd6 Bxb3 14. axb3 f6 15. Rhd1 Na6 16. Nh4 Rae8 17. f3 g6 18. c3 Nc5 19. b4 Ne6 20. g3 Kf7 21. Kc2 Rd8 22. Rd7+ Kg8 23. Rxb7 Rxd1 24. Kxd1 Rd8+ 25. Ke2 Ra8 26. Ng2 a5 27. bxa5 Rxa5 28. Ne3 Ra1 29. Ng4 Nc5 1-0


[Site "https://www.chess.com"]

[Event "Titled Tuesday Blitz March 15 Late 2022"]
[White "Ozates, Tuna"]
[Black "Araujo Filho, Luiz Antonio Coel"]
[WhiteFideId "6354521"]
[BlackFideId "2130661"]
[WhiteElo "1887"]
[BlackElo "2203"]
[Result "1-0"]
[Round "02"]
[TimeControl "180+1"]
[Date "2022.03.16"]
[WhiteClock "0:00:12"]
[BlackClock "0:00:01"]

1. d3 g6 2. Nc3 Bg7 3. e4 d6 4. g3 Nf6 5. Bg2 O-O 6. h3 c6 7. Be3 Qc7 8. Qd2 e5 9. Bh6 b5 10. h4 a5 11. h5 Nbd7 12. Bxg7 Kxg7 13. f4 Nb6 14. f5 Nxh5 15. Rxh5 gxh5 16. Qg5+ Kh8 17. f6 Rg8 18. Qxh5 Rg6 19. Nf3 Bg4 20. Qh4 Bxf3 21. Bxf3 Qd8 22. Ke2 Qxf6 23. Qh3 Rh6 24. Qg2 Rg8 25. Rf1 Qg5 26. g4 Qf4 27. Rh1 Rxh1 28. Qxh1 Nd7 29. Nd1 Qc1 30. c3 Qc2+ 31. Ke3 Nf6 32. Qh4 Rg6 33. g5 Ne8 34. Bh5 Rg7 35. Qg4 Qc1+ 36. Ke2 Qxg5 37. Qxg5 Rxg5 38. Bxf7 Nf6 39. Ne3 Kg7 40. Be6 d5 41. exd5 cxd5 42. b4 axb4 43. cxb4 d4 44. Nf5+ Kf8 45. Nd6 Rg2+ 46. Kf3 Rd2 47. Nxb5 Rxd3+ 48. Ke2 Re3+ 49. Kd1 h5 50. a4 h4 51. a5 h3 52. Bxh3 Rxh3 53. a6 Rh2 54. Nd6 Ra2 55. b5 Nd7 56. Nc4 Ke7 57. Kc1 Ke6 58. Kb1 Ra4 59. Nb2 Ra5 60. a7 Rxa7 61. Nc4 1-0


[Site "https://www.chess.com"]

[Event "Titled Tuesday Blitz March 15 Late 2022"]
[White "Papasimakopoulos, Alexandros"]
[Black "Grischuk, Alexander"]
[WhiteFideId "4244125"]
[BlackFideId "4126025"]
[WhiteElo "2340"]
[BlackElo "2762"]
[Result "0-1"]
[Round "02"]
[TimeControl "180+1"]
[Date "2022.03.15"]
[WhiteClock "0:00:05"]
[BlackClock "0:00:03"]

1. d4 e6 2. c4 b6 3. e4 Bb4+ 4. Bd2 Bxd2+ 5. Qxd2 d5 6. cxd5 exd5 7. e5 Ne7 8. Nc3 O-O 9. Nf3 c5 10. h3 Bf5 11. Bd3 Bxd3 12. Qxd3 Nbc6 13. O-O cxd4 14. Nb5 Ng6 15. Rfe1 Re8 16. Qf5 a6 17. Nbxd4 Nxd4 18. Nxd4 Qc8 19. Rad1 Qxf5 20. Nxf5 Rad8 21. Ne3 Rxe5 22. Rd4 Re4 23. Rd2 d4 24. Red1 Ne7 25. Nc2 Nc6 26. f3 Rf4 27. Kf2 h5 28. g3 Rf6 29. Nxd4 Ne5 30. b3 g6 31. f4 Nc6 32. Nxc6 Rxd2+ 33. Rxd2 Rxc6 34. Ke3 Kg7 35. g4 h4 36. Rd3 b5 37. g5 b4 38. Kf3 Rc2 39. Kg4 Rxa2 40. Kxh4 a5 41. Rd5 Ra3 42. Kg4 Rxb3 43. Rxa5 Rb1 44. Rb5 b3 45. Kh4 Kf8 46. Kg3 b2 47. Kg2 Ke7 48. Rb6 Kd7 49. h4 Kc7 50. Rb3 Kd6 51. f5 gxf5 52. h5 f4 0-1


[Site "https://www.chess.com"]

[Event "Titled Tuesday Blitz March 15 Late 2022"]
[White "Paravyan, David"]
[Black "Rozman, Levy"]
[WhiteFideId "4194985"]
[BlackFideId "2039877"]
[WhiteElo "2569"]
[BlackElo "2376"]
[Result "0-1"]
[Round "02"]
[TimeControl "180+1"]
[Date "2022.03.15"]
[WhiteClock "0:00:00"]
[BlackClock "0:00:09"]

1. e4 d5 2. exd5 Nf6 3. d4 Bg4 4. f3 Bf5 5. Bb5+ c6 6. dxc6 Nxc6 7. Ne2 Qa5+ 8. Nbc3 O-O-O 9. Bxc6 bxc6 10. Qd2 e5 11. O-O exd4 12. Ne4 Qxd2 13. Bxd2 Bxe4 14. fxe4 Nxe4 15. Ba5 Rd5 16. b4 Rd7 17. Rad1 c5 18. a3 g6 19. c3 d3 20. Nf4 c4 21. g3 f5 22. Kg2 Bh6 23. b5 Re8 24. Rfe1 Bxf4 25. gxf4 Rd5 26. a4 a6 27. Bb4 axb5 28. a5 Kb7 29. Re3 Rdd8 30. h4 Ka6 31. h5 Nf6 32. Rxe8 Rxe8 33. hxg6 hxg6 34. Kf3 Ng4 35. Bc5 Rd8 36. Rh1 d2 37. Ke2 Nf6 38. Bd4 Ne4 39. Rh7 Nxc3+ 40. Kxd2 Nb1+ 41. Ke3 b4 42. Bc5 Kb5 43. Be7 Rd3+ 0-1


[Site "https://www.chess.com"]

[Event "Titled Tuesday Blitz March 15 Late 2022"]
[White "Peatman, Carter"]
[Black "Rustemov, Alexander"]
[WhiteFideId "2096480"]
[BlackFideId "4119002"]
[WhiteElo "2420"]
[BlackElo "2758"]
[Result "1-0"]
[Round "02"]
[TimeControl "180+1"]
[Date "2022.03.16"]
[WhiteClock "0:00:49"]
[BlackClock "0:00:01"]

1. d4 g6 2. e4 Bg7 3. h4 d5 4. e5 c5 5. c3 cxd4 6. cxd4 Nc6 7. h5 Qb6 8. Nf3 Bg4 9. Nc3 e6 10. Nb5 Bf8 11. hxg6 fxg6 12. Bd3 O-O-O 13. a4 Kb8 14. Be3 Bb4+ 15. Kf1 Rf8 16. Be2 Bxf3 17. Bxf3 Nge7 18. Bg4 Nf5 19. Bxf5 Rxf5 20. g3 a6 21. Nc3 Nxe5 22. a5 Bxa5 23. Bf4 Rxf4 24. gxf4 Nc4 25. Na4 Qc7 26. Qg4 Rf8 27. Nc5 Qxf4 28. Qxf4+ Rxf4 29. Rxh7 Nd6 30. Rxa5 Rf5 31. Nxe6 Rf6 32. Nc5 Ka7 33. Rxa6+ Kb8 34. Rb6 1-0


[Site "https://www.chess.com"]

[Event "Titled Tuesday Blitz March 15 Late 2022"]
[White "Perez Leiva, Jerzy Jesus"]
[Black "Van den Dikkenberg, Erik"]
[WhiteFideId "3524337"]
[BlackFideId "1005880"]
[WhiteElo "2261"]
[BlackElo "2118"]
[Result "1-0"]
[Round "02"]
[TimeControl "180+1"]
[Date "2022.03.16"]
[WhiteClock "0:00:24"]
[BlackClock "0:00:04"]

1. d4 Nf6 2. c4 g6 3. Nc3 Bg7 4. e4 d6 5. Nf3 O-O 6. Be2 e5 7. Be3 Nc6 8. d5 Ne7 9. Nd2 h5 10. h3 c5 11. g4 hxg4 12. hxg4 b5 13. Nxb5 a6 14. Nc3 Rb8 15. g5 Nd7 16. Qc2 f5 17. gxf6 Nxf6 18. O-O-O Qb6 19. Rdg1 Bd7 20. f4 exf4 21. Bxf4 Nfxd5 22. cxd5 Rxf4 23. Nc4 Qb4 24. Bd3 Bxc3 25. bxc3 Qb7 26. Nxd6 Qb6 27. Nc4 Qb5 28. e5 Bf5 29. Qh2 Bxd3 30. Qh8+ Kf7 31. Rh7# 1-0


[Site "https://www.chess.com"]

[Event "Titled Tuesday Blitz March 15 Late 2022"]
[White "Perez Torres, Nabi Isaias"]
[Black "Issani, Nameer"]
[WhiteFideId "5120373"]
[BlackFideId "2619130"]
[WhiteElo "1755"]
[BlackElo "2543"]
[Result "0-1"]
[Round "02"]
[TimeControl "180+1"]
[Date "2022.03.16"]
[WhiteClock "0:00:18"]
[BlackClock "0:00:41"]

1. d4 Nf6 2. c4 e6 3. Nf3 Bb4+ 4. Nbd2 O-O 5. a3 Bxd2+ 6. Qxd2 d6 7. e3 Nbd7 8. Be2 b6 9. b4 Bb7 10. O-O e5 11. Qc2 Re8 12. Bb2 e4 13. Nd2 c6 14. a4 d5 15. a5 Nf8 16. a6 Bc8 17. b5 cxb5 18. cxb5 Bg4 19. Bxg4 Nxg4 20. h3 Nh6 21. Rac1 Ne6 22. Qc6 f5 23. g3 Nf7 24. Ba3 g5 25. f3 f4 26. fxe4 fxe3 27. Nf3 dxe4 28. Qxe4 Nf4 29. Qc2 Ne6 30. Bb2 Qd5 31. Qg2 Qxb5 32. Rfe1 Rab8 33. Rxe3 Nd6 34. Rce1 Ng7 35. Ne5 Ndf5 36. R3e2 Nh5 37. g4 Nf4 38. Qe4 Nd6 39. Qb1 Nxe2+ 40. Kh2 Nf4 41. Qa2+ Qd5 42. Qxd5+ Nxd5 43. Rc1 Rbc8 44. Rf1 Nc4 45. Ba1 Nxe5 46. dxe5 Rc2+ 47. Kg3 Nf4 48. h4 h6 49. hxg5 hxg5 50. Kf3 Ra2 51. Ke4 Kf7 52. Kf5 Ne6 53. Rd1 Re7 54. Rd6 Rf2+ 55. Ke4 Nc5+ 56. Kd5 Rd2+ 57. Kc6 Rxd6+ 58. exd6 Rd7 59. Bd4 Ke6 60. Bxc5 bxc5 61. Kb5 Rxd6 62. Kc4 Rxa6 63. Kxc5 Rb6 0-1


[Site "https://www.chess.com"]

[Event "Titled Tuesday Blitz March 15 Late 2022"]
[White "Pesotskiy, Mikhail"]
[Black "Gulecyuz, Deniz"]
[WhiteFideId "34164453"]
[BlackFideId "30921341"]
[WhiteElo "2010"]
[BlackElo "1923"]
[Result "1-0"]
[Round "02"]
[TimeControl "180+1"]
[Date "2022.03.16"]
[WhiteClock "0:01:35"]
[BlackClock "0:00:18"]

1. d4 Nf6 2. c4 g6 3. Nc3 d5 4. Bg5 Ne4 5. Nxe4 dxe4 6. Qd2 Bg7 7. e3 O-O 8. Ne2 c5 9. d5 Nd7 10. Nc3 h6 11. Bh4 g5 12. Bg3 Qa5 13. Nxe4 Qxd2+ 14. Nxd2 Bxb2 15. Rb1 Bc3 16. Bd3 b6 17. Ke2 Bg7 18. h4 Ne5 19. hxg5 hxg5 20. Bh7+ Kh8 21. Ne4 f6 22. Bxe5 fxe5 23. Nxg5 Rf6 24. Bf5+ Kg8 25. Be6+ Bxe6 26. Nxe6 Rh6 27. Kd3 Kf7 28. Rxh6 Bxh6 29. f3 Rh8 30. Rh1 Bg7 31. Rxh8 Bxh8 32. Ke4 a6 33. a4 Kg6 34. g4 Bf6 35. Nc7 a5 36. Na8 1-0


[Site "https://www.chess.com"]

[Event "Titled Tuesday Blitz March 15 Late 2022"]
[White "Petrova, Irina"]
[Black "Swicarz, Maciej"]
[WhiteFideId "14124122"]
[BlackFideId "1113585"]
[WhiteElo "1993"]
[BlackElo "2057"]
[Result "0-1"]
[Round "02"]
[TimeControl "180+1"]
[Date "2022.03.16"]
[WhiteClock "0:00:06"]
[BlackClock "0:00:34"]

1. e4 c5 2. Nf3 d6 3. Bb5+ Nd7 4. O-O a6 5. Bxd7+ Bxd7 6. d4 cxd4 7. Qxd4 Nf6 8. a4 g6 9. c4 Bg7 10. Nc3 O-O 11. Qd3 Rc8 12. Be3 Qc7 13. b3 Bc6 14. Rac1 Rfd8 15. Nd5 Bxd5 16. cxd5 Qd7 17. Bb6 Rxc1 18. Rxc1 Rc8 19. Rc4 Rxc4 20. Qxc4 Qg4 21. Nd2 Qd1+ 22. Nf1 h5 23. f3 Kh7 24. a5 Nd7 25. Bf2 Ne5 26. Qc7 Qxb3 27. Qxe7 Qb4 28. Bb6 Nc4 29. Bf2 Nxa5 30. Qxf7 Nb3 31. h4 a5 32. Ng3 Nd2 33. Nxh5 Qb1+ 34. Kh2 Nf1+ 35. Kh3 Qb2 36. Nf4 Qf6 37. Qxb7 Qxf4 38. Qa7 Qh2+ 0-1


[Site "https://www.chess.com"]

[Event "Titled Tuesday Blitz March 15 Late 2022"]
[White "Pichot, Alan"]
[Black "Shuvalova, Polina"]
[WhiteFideId "110973"]
[BlackFideId "24171760"]
[WhiteElo "2579"]
[BlackElo "2355"]
[Result "1-0"]
[Round "02"]
[TimeControl "180+1"]
[Date "2022.03.16"]
[WhiteClock "0:00:19"]
[BlackClock "0:00:02"]

1. d4 Nf6 2. Nf3 e6 3. Bf4 c5 4. e3 d5 5. c3 Bd6 6. Bg3 O-O 7. Bd3 Nc6 8. Nbd2 Bxg3 9. hxg3 Qd6 10. g4 g6 11. g5 Nd7 12. e4 cxd4 13. cxd4 dxe4 14. Nxe4 Qb4+ 15. Qd2 Qxd2+ 16. Kxd2 Kg7 17. Rac1 Rd8 18. Ke3 e5 19. dxe5 Ndxe5 20. Nxe5 Nxe5 21. Be2 Be6 22. Nf6 h5 23. f4 Nd7 24. Ne4 Nb6 25. g3 Bxa2 26. Rhd1 Rxd1 27. Rxd1 Re8 28. Bf3 Bd5 29. Rd4 Bc6 30. Kd2 Re7 31. Nf6 Bd7 32. Bxb7 1-0


[Site "https://www.chess.com"]

[Event "Titled Tuesday Blitz March 15 Late 2022"]
[White "Plazuelo Pascual, Juan"]
[Black "Awoki, Daniel Teidi"]
[WhiteFideId "32059566"]
[BlackFideId "2100827"]
[WhiteElo "2364"]
[BlackElo "2023"]
[Result "1-0"]
[Round "02"]
[TimeControl "180+1"]
[Date "2022.03.16"]
[WhiteClock "0:02:26"]
[BlackClock "0:02:19"]

1. Nf3 d5 2. g3 e6 3. Bg2 Nf6 4. O-O Be7 5. c4 O-O 6. b3 c5 7. cxd5 exd5 8. d4 cxd4 9. Nxd4 Nc6 10. Bb2 Re8 11. Nd2 Nxd4 12. Bxd4 Bf5 13. Qc1 Ne4 14. Rd1 Bf6 15. Nxe4 Bxe4 16. Qb2 Bxd4 17. Rxd4 Bxg2 18. Kxg2 Rxe2 19. Qxe2 1-0


[Site "https://www.chess.com"]

[Event "Titled Tuesday Blitz March 15 Late 2022"]
[White "Plotnikov, Pavel"]
[Black "Suleymanli, Aydin"]
[WhiteFideId "4170342"]
[BlackFideId "13413937"]
[WhiteElo "2298"]
[BlackElo "2481"]
[Result "0-1"]
[Round "02"]
[TimeControl "180+1"]
[Date "2022.03.16"]
[WhiteClock "0:00:10"]
[BlackClock "0:00:19"]

1. e4 c5 2. c3 Nf6 3. e5 Nd5 4. d4 cxd4 5. Qxd4 e6 6. Bd3 Nc6 7. Qe4 f5 8. Qe2 Be7 9. Nf3 O-O 10. O-O g5 11. Re1 g4 12. Nd4 Nxd4 13. cxd4 Bg5 14. Nc3 Nb4 15. d5 Nxd3 16. Qxd3 b6 17. dxe6 dxe6 18. Qxd8 Bxd8 19. Nb5 Ba6 20. Nd6 Be7 21. Bf4 Bd8 22. Rac1 Kg7 23. b4 b5 24. Rc6 Bb6 25. Rec1 Rab8 26. Kf1 Kg6 27. Ke2 Rfd8 28. f3 gxf3+ 29. gxf3 Rd7 30. R1c2 Kh5 31. Bg3 Rg8 32. f4 Kg4 33. R2c3 Rgd8 34. Rd3 h5 35. h3+ Kxh3 36. Bf2+ Kg4 37. Bxb6 axb6 38. Ke3 Rb8 39. Rdc3 Rg7 40. Rc1 Kh3 41. Rh1+ Kg2 42. Rxh5 Rg3+ 43. Kd4 Rbg8 44. Nf7 R8g4 45. Rc2+ Kf1 46. Rh1+ Rg1 47. Rc1+ Kf2 48. Rhxg1 Rxg1 49. Rxg1 Kxg1 50. Ke3 Kf1 51. Nd8 Bc8 52. Nc6 Bd7 53. Nb8 Bc8 54. Nc6 Ke1 55. Na7 Bd7 56. Kd3 Kd1 57. Kc3 Ke2 58. Kd4 Kf3 59. a4 bxa4 60. b5 a3 61. Kc3 Kxf4 62. Kb3 Ke4 63. Kxa3 Kd5 64. Kb4 f4 65. Kc3 f3 66. Kd2 Ke4 67. Nc6 Be8 68. Ke1 Ke3 69. Kf1 Bg6 70. Kg1 f2+ 71. Kg2 Be4+ 72. Kh2 f1=Q 0-1


[Site "https://www.chess.com"]

[Event "Titled Tuesday Blitz March 15 Late 2022"]
[White "Postnikov, Daniil"]
[Black "Lashkin, Jegor"]
[WhiteFideId "4166329"]
[BlackFideId "13907808"]
[WhiteElo "2261"]
[BlackElo "2344"]
[Result "0-1"]
[Round "02"]
[TimeControl "180+1"]
[Date "2022.03.16"]
[WhiteClock "0:00:06"]
[BlackClock "0:01:12"]

1. e4 c5 2. Nf3 d6 3. Bb5+ Nd7 4. d4 cxd4 5. Qxd4 a6 6. Bxd7+ Bxd7 7. c4 Nf6 8. Bg5 e6 9. Nc3 Bc6 10. O-O-O Be7 11. Rhe1 O-O 12. Bxf6 Bxf6 13. Qxd6 Qa5 14. e5 Rfd8 15. Qa3 Qxa3 16. bxa3 Be7 17. Kb2 Bc5 18. Rxd8+ Rxd8 19. Ne4 Bxe4 20. Rxe4 Bxf2 21. Re2 Bc5 22. Ne1 Kf8 23. Kc3 Bxa3 24. Nd3 b5 25. c5 Rd5 26. Rc2 Bxc5 27. Kd2 Bd4 28. Rc8+ Ke7 29. Ra8 Bxe5 30. Ra7+ Kf6 31. Rxa6 Bxh2 32. Ke3 Bg1+ 33. Ke2 g5 34. Ra7 Bxa7 0-1


[Site "https://www.chess.com"]

[Event "Titled Tuesday Blitz March 15 Late 2022"]
[White "Przybylski, Wojciech"]
[Black "Oro, Luis"]
[WhiteFideId "1117599"]
[BlackFideId "104094"]
[WhiteElo "2133"]
[BlackElo "2258"]
[Result "1-0"]
[Round "02"]
[TimeControl "180+1"]
[Date "2022.03.16"]
[WhiteClock "0:00:05"]
[BlackClock "0:00:02"]

1. d4 Nf6 2. c4 b6 3. Nc3 Bb7 4. Qc2 e6 5. e4 Bb4 6. Bd3 d6 7. Ne2 h6 8. O-O O-O 9. a3 Bxc3 10. bxc3 Nbd7 11. f4 e5 12. Ng3 c5 13. d5 exf4 14. Bxf4 Ne8 15. Nf5 Ne5 16. Be2 Nf6 17. Rae1 Bc8 18. Nxh6+ gxh6 19. Bxh6 Nh7 20. Rf4 Re8 21. Ref1 Nf8 22. Bh5 Nfg6 23. Rf6 Qe7 24. Qf2 Bg4 25. Bxg6 fxg6 26. Qh4 Bd7 27. Rf8+ Qxf8 28. Bxf8 Rxf8 29. Qe7 Rxf1+ 30. Kxf1 Bg4 31. Qxd6 Re8 32. h3 Bc8 33. Kg1 Kf7 34. Kh2 Nxc4 35. Qc7+ Kf6 36. d6 Be6 37. d7 Bxd7 38. Qxd7 Re6 39. Qd5 Ne3 40. Qd8+ Kf7 41. Qd3 1-0


[Site "https://www.chess.com"]

[Event "Titled Tuesday Blitz March 15 Late 2022"]
[White "Quesada Perez, Yuniesky"]
[Black "Riehle, Marco"]
[WhiteFideId "3504409"]
[BlackFideId "12904392"]
[WhiteElo "2622"]
[BlackElo "2462"]
[Result "1/2-1/2"]
[Round "02"]
[TimeControl "180+1"]
[Date "2022.03.16"]
[WhiteClock "0:00:19"]
[BlackClock "0:00:16"]

1. e4 e5 2. Nf3 Nf6 3. d3 Nc6 4. Be2 Bc5 5. O-O d6 6. c3 O-O 7. b4 Bb6 8. Nbd2 a5 9. b5 Ne7 10. Nc4 Ba7 11. Rb1 Be6 12. b6 cxb6 13. Nfd2 Ng6 14. a4 Nf4 15. Na3 Rc8 16. Nb5 Bb8 17. c4 Nd7 18. Nb3 Nxe2+ 19. Qxe2 Nc5 20. Nxc5 bxc5 21. f4 f5 22. fxe5 dxe5 23. Nc3 Qd4+ 24. Be3 Qxc3 25. Rfc1 Qa3 26. Ra1 Qb4 27. Rcb1 Qc3 28. Rc1 Qb4 29. Rcb1 fxe4 30. Rxb4 cxb4 31. c5 exd3 32. Qxd3 Rcd8 33. Qb5 b3 34. Qxb7 Rd3 35. Re1 Bc4 36. h3 h6 37. Qe4 Ba6 38. Qc6 Bc4 39. Qe4 Ba6 40. Bxh6 gxh6 41. Qg6+ Kh8 42. Qxh6+ Kg8 43. Qxa6 Rg3 44. Qe6+ Rf7 45. Rb1 e4 46. Rxb3 Rxb3 47. Qxb3 Bc7 48. Qd5 e3 49. Qe6 Kf8 50. Qxe3 Kg8 51. g4 Bd8 52. Qe8+ Kg7 53. Qxd8 Kh7 54. Qd3+ Kg7 55. c6 Kg8 56. Qd5 Kg7 57. Qxf7+ Kh8 58. c7 1/2-1/2


[Site "https://www.chess.com"]

[Event "Titled Tuesday Blitz March 15 Late 2022"]
[White "Rastbod, Ali"]
[Black "Kollars, Dmitrij"]
[WhiteFideId "12567477"]
[BlackFideId "12909572"]
[WhiteElo "2200"]
[BlackElo "2584"]
[Result "1-0"]
[Round "02"]
[TimeControl "180+1"]
[Date "2022.03.15"]
[WhiteClock "0:00:15"]
[BlackClock "0:00:06"]

1. d4 e6 2. c4 Bb4+ 3. Bd2 a5 4. g3 f5 5. Bg2 Nf6 6. Nf3 O-O 7. O-O b6 8. Ne5 Ra7 9. Nd3 Bxd2 10. Qxd2 d6 11. Nc3 Bb7 12. Bxb7 Rxb7 13. Nf4 Qe7 14. d5 e5 15. Ne6 Rf7 16. f4 e4 17. a3 Nbd7 18. b4 Nf8 19. Nd4 N6d7 20. Nc6 Qf6 21. bxa5 bxa5 22. Nxa5 Rb6 23. Nb5 Nc5 24. Rab1 h6 25. Nc6 g5 26. Ncd4 Qg6 27. Nb3 Nfd7 28. Nxc5 Nxc5 29. Nd4 Ra6 30. Rb8+ Kh7 31. Qb2 Ra4 32. fxg5 Qg7 33. gxh6 Qe5 34. Ne6 Qxb2 35. Ng5+ Kg6 36. Rg8+ Kh5 37. Rf4 Qc1+ 38. Kg2 Qxf4 39. gxf4 Re7 40. h7 Rxh7 41. Nxh7 Rxa3 42. Nf6+ Kh6 43. h4 Ra2 44. h5 Rxe2+ 45. Kf1 Re1+ 46. Kxe1 Nd3+ 47. Kd2 Nxf4 48. Ke3 c5 49. Kxf4 e3 50. Rg6# 1-0


[Site "https://www.chess.com"]